 Dungeon Crawl Stone Soup version 0.28.0-49-g6dfe1f597d (webtiles) character file.

Game seed: 12853254967932624531

70 Exodus22XD the Poker (level 4, -1/33 HPs)
             Began as a Demonspawn Gladiator on May 15, 2022.
             Killed from afar by a white imp (8 damage)
             ... with a puff of frost
             ... summoned by Natasha
             ... on level 2 of the Dungeon.
             The game lasted 00:00:48 (1596 turns).

Exodus22XD the Poker (Demonspawn Gladiator)         Turns: 1596, Time: 00:00:49

Health: -1/33      AC:  5    Str: 16    XL:     4   Next: 3%
Magic:  4/4        EV: 12    Int:  9    God:
Gold:   64         SH:  0    Dex: 15    Spells: 3/3 levels left

rFire   . . .      SeeInvis .   a - +0 trident
rCold   . . .      Faith    .   (no shield)
rNeg    . . .      Spirit   .   b - +0 leather armour
rPois   .          Reflect  .   c - +0 helmet
rElec   .          Harm     .   (no cloak)
rCorr   .          Rampage  .   (no gloves)
Will    .....                   (no boots)
Stlth   +.........              (no amulet)
HPRegen 0.11/turn               (no ring)
MPRegen 0.09/turn               (no ring)

@: slowed, very slow
A: rugged brown scales 1, demonic guardian 1
a: no special abilities


You were on level 2 of the Dungeon.
You visited 1 branch of the dungeon, and saw 2 of its levels.

You collected 64 gold pieces.

Inventory:

Hand Weapons
 a - a +0 trident (weapon)
Missiles
 d - 4 throwing nets (quivered)
Armour
 b - a +0 leather armour (worn)
 c - a +0 helmet (worn)
Scrolls
 e - 2 scrolls of enchant weapon {unknown}
 h - a scroll of identify {unknown}
 k - a scroll of immolation {unknown}
Potions
 f - a potion of ambrosia {unknown}
 g - a potion of lignification {unknown}
 i - a potion of curing {unknown}
 j - 2 potions of heal wounds {unknown}


   Skills:
 + Level 2.2 Fighting
 + Level 3.6 Polearms
 + Level 1.7 Throwing
 + Level 0.8 Armour
 + Level 3.2 Dodging
 + Level 0.7 Stealth


You had 3 spell levels left.
You didn't know any spells.
Your spell library was empty.

Dungeon Overview and Level Annotations

Branches:
Dungeon (2/15)

Altars:

Annotations:
D:2 Natasha


Innate Abilities, Weirdness & Mutations

You are partially covered in rugged brown scales. (AC +1, +3% HP)
A weak demonic guardian rushes to your aid.


Message History

You kill the quokka!
A rat is nearby!
There are monsters nearby!
Natasha stares at you and mumbles some strange words.
You resist with some effort.
There are monsters nearby!
You reach to attack!
The helpless rat fails to defend itself.
You hit the rat.
You kill the rat!
Natasha is nearby!
Natasha casts a spell.
Natasha casts a spell at you. The magic dart hits you.
You barely miss Natasha.
Natasha stares at you and mumbles some strange words.
You feel yourself slow down.
You hit Natasha but do no damage. Natasha claws you!
The white imp lashes its tail.
The white imp closely misses you.
You closely miss Natasha. Natasha claws you but does no damage.
The white imp barely misses you. Natasha barely misses you.
The white imp barely misses you.
You hit Natasha.
Natasha is lightly wounded.
Natasha claws you. The white imp barely misses you. Natasha barely misses you.
Unknown command.
You closely miss Natasha.
Natasha is lightly wounded.
The white imp hits you but does no damage.
Natasha mumbles some strange words.
Natasha's front paws start to glow.
Natasha closely misses you. The white imp barely misses you.
You closely miss Natasha.
Natasha is lightly wounded.
Natasha claws you!
* * * LOW HITPOINT WARNING * * *
The white imp gestures at you. The puff of frost hits you!
You die...

.... . ....... ..
#....... #.. ........
#.♣♣......#.### ##
##.♣....#.##... .#
#.........##.># .#
#....5....##(.#### .#
#†..@h........>..# .#
##............##.##.#
#......#.###.##.....
###.#...## #.......#
#......## ####..###
#.#.##.# #.<... #.#.#
.# #..##. #...# .#
#..##. #..## .#
#.....


You could see Natasha and a white imp (summoned).

Vanquished Creatures
  Natasha (D:2)
  2 adders (D:2)
  4 endoplasms
  A giant cockroach (D:2)
  2 goblins (D:1)
  2 hobgoblins (D:1)
  3 quokkas
  3 ball pythons (D:1)
  2 bats
  2 kobolds
  3 rats
25 creatures vanquished.

Vanquished Creatures (collateral kills)
  A bat (D:2)
1 creature vanquished.

Grand Total: 26 creatures vanquished

Notes
Turn   | Place    | Note
-------+----------+-------------------------------------------
     0 | D:1      | Exodus22XD the Demonspawn Gladiator began the quest for the
                  | Orb.
     0 | D:1      | Reached XP level 1. HP: 16/16 MP: 1/1
   203 | D:1      | Gained mutation: A weak demonic guardian rushes to your
                  | aid. [demonic ancestry]
   203 | D:1      | Reached XP level 2. HP: 18/22 MP: 2/2
   865 | D:2      | Reached XP level 3. HP: 21/27 MP: 3/3
  1072 | D:2      | Noticed Natasha
  1084 | D:2      | Killed Natasha
  1403 | D:2      | Gained mutation: You are partially covered in rugged brown
                  | scales. (AC +1, +3% HP) [demonic ancestry]
  1403 | D:2      | Reached XP level 4. HP: 21/33 MP: 4/4
  1584 | D:2      | Noticed Natasha
  1596 | D:2      | Killed from afar by a white imp

Illustrated notes

Levels and vault maps discovered:
D:1:      heliophobic_arrival_battle_scene, layout_basic
D:2:      layout_loops_cross, shapermc_ecumenical_altar_mp_highgroup,
          minivault_14, chequers_mini_garden, uniq_natasha

Skill      XL: |  1 |
---------------+----+-----
Dodging        | 3 |  3.2
Polearms       | 3 |  3.6
Fighting       | |  2.2
Throwing       | |  1.7
Armour         | |  0.8
Stealth        | |  0.7

Action                   |  1- 3 |  4- 6 || total
-------------------------+-------+-------++-------
Melee: Trident           |    73 |     8 ||    81
 Stab: Sleeping          |     4 |     1 ||     5
Armor: Leather armour    |    12 |     2 ||    14
Dodge: Dodged            |    48 |     8 ||    56
